 Dungeon Crawl Stone Soup version 0.30-a0-643-g638baaf3f0 (webtiles) character file.

Game seed: 8250854287715226162

280 Absynth the Slasher (level 6, 0/44 HPs)
             Began as a Demonspawn Gladiator on Jan 16, 2023.
             Slain by an ogre
             ... wielding a +0 giant club
              (4 damage)
             ... on level 4 of the Dungeon.
             The game lasted 00:11:42 (2676 turns).

Absynth the Slasher (Demonspawn Gladiator)          Turns: 2676, Time: 00:11:42

Health: 0/44       AC:  5    Str: 14    XL:     6   Next: 5%
Magic:  6/6        EV: 13    Int: 12    God:
Gold:   120        SH:  0    Dex: 14    Spells: 5/5 levels left

rFire   . . .      SeeInvis .    a - +0 long sword
rCold   . . .      Faith    .    (no shield)
rNeg    . . .      Spirit   .    b - +0 leather armour
rPois   .          Reflect  .    c - +0 helmet
rElec   .          Harm     .    k - +0 cloak
rCorr   .          Rampage  .    (no gloves)
Will    .....                    (no boots)
Stlth   +                        (no amulet)
HPRegen 0.27/turn                (no ring)
MPRegen 0.10/turn                (no ring)

@: no status effects
A: demonic touch 2
a: no special abilities


You were on level 4 of the Dungeon.
You visited 1 branch of the dungeon, and saw 4 of its levels.

You collected 150 gold pieces.
You spent 30 gold pieces at shops.

Inventory:

Hand Weapons
 a - a +0 long sword (weapon)
Missiles
 d - 2 throwing nets (quivered)
 e - a javelin
Armour
 b - a +0 leather armour (worn)
 c - a +0 helmet (worn)
 k - a +0 cloak (worn)
 m - the +2 robe of Nelon {Contam rElec rPois}
   (You found it on level 2 of the Dungeon)

   rElec:     It insulates you from electricity.
   rPois:     It protects you from poison.
   Contam:    It causes magical contamination when unequipped.
Magical Staves
 n - a staff of cold
Wands
 s - a wand of charming (7)
Scrolls
 g - 2 scrolls of immolation {unknown}
 h - 6 scrolls of identify
 i - 2 scrolls of enchant weapon {unknown}
 p - a scroll of poison {unknown}
Potions
 f - a potion of magic {unknown}
 j - a potion of might {unknown}
 l - a potion of invisibility {unknown}
 o - 3 potions of curing {unknown}
 q - 2 potions of ambrosia {unknown}
 r - a potion of heal wounds {unknown}
 t - a potion of lignification {unknown}


   Skills:
 - Level 2.0 Fighting
 + Level 3.9 Long Blades
 - Level 1.7 Throwing
 + Level 3.9 Dodging
 - Level 0.5 Stealth
 * Level 3.4 Unarmed Combat


You had 5 spell levels left.
You didn't know any spells.
Your spell library contained the following spells:

 Spells                   Type           Power      Damage    Failure   Level
 Apportation              Tloc           0%         N/A       38%         1
 Ignite Poison            Fire/Tmut/Pois 0%         N/A       77%         3
 Portal Projectile        Hex/Tloc       0%         N/A       77%         3
 Tukima's Dance           Hex            0%         N/A       77%         3
 Petrify                  Tmut/Erth      0%         N/A       99%         4
 Sticky Flame             Conj/Fire      0%         2d3       99%         4
 Alistair's Intoxication  Tmut/Pois      0%         N/A       100%        5
 Blade Hands              Tmut           0%         N/A       100%        5
 Metabolic Englaciation   Hex/Ice        0%         N/A       100%        5
 Statue Form              Tmut/Erth      0%         N/A       100%        6
 Ignition                 Fire           0%         3d3       100%        8


Dungeon Overview and Level Annotations

Branches:
Dungeon (4/15)
 Temple: D:4-7

Altars:
Gozag
Nemelex Xobeh
Xom

Shops:
D:1 ?!=[(

Annotations:
D:3 3 runed translucent doors, Dirtsage's ghost, amateur OpTm


Innate Abilities, Weirdness & Mutations

Your touch may inflict irresistible damage on your foes.


Message History

You hit the orc.
You kill the orc!
Things that are here:
a +0 short sword; a +0 scale mail
Items here: )) [ †.
An ogre comes into view. It is wielding a +0 giant club.
There is an open door here.
There is a shimmering altar of Xom here.
You hit the ogre. You punch the ogre.
The ogre is moderately wounded.
The ogre barely misses you.
You hit the ogre.
The ogre is heavily wounded.
You completely miss the ogre.
The ogre is heavily wounded.
The ogre closely misses you.
You barely miss the ogre.
The ogre is heavily wounded.
The ogre hits you with a +0 giant club!!
Ouch! That really hurt!
* * * LOW HITPOINT WARNING * * *
The ogre barely misses you.
Really walk into that dispersal trap?
You enter a dispersal trap!
The ogre blinks!
You blink.
Really walk into that dispersal trap?
You enter a dispersal trap!
The ogre blinks! x3; You blink.
The ogre enters a dispersal trap!
You blink.
The ogre blinks!
The ogre enters a dispersal trap!
You blink.
The ogre blinks!
The ogre misses you.
There is an open door here.
You barely miss the ogre.
The ogre is moderately wounded.
The ogre hits you with a +0 giant club!
* * * LOW HITPOINT WARNING * * *
The orc shouts!
You hit the ogre.
You touch the ogre!
The ogre is severely wounded.
You hear a shout!
The ogre hits you with a +0 giant club.
You die...

...............##.#
#.#####
.......#######.##.#
#.# ..####.# #.##.#
#.####### .## #.#
#.##.# #.......# ##
#.#######.##.#
#######.#
#.......))...# #.#
#..######<)#.# #.#
#..# #.)O.# #.# #..#
####@#### #.# #..#
###.^...^.### #.#
#..# #.###._.###.#
#.# ##.#
#.#.^.o...#.# #.#
#.# #.####'####.#
#.# #.# #.# #..##.##
#.#
##.###.#####.##.#
#.#
##.........†..##.###
#.#
#..................#
#.#


You could see an ogre and an orc.

Vanquished Creatures
  3 crimson imps (D:4)
  Ijyb (D:3)
  2 orc wizards
  Robin (D:2)
  An adder (D:2)
  3 worms
  3 dart slugs
  5 orcs
  3 ball pythons
  2 endoplasms
  3 giant cockroaches
  12 goblins
  3 hobgoblins
  2 jackals (D:3)
  3 quokkas
  3 bats
  7 frilled lizards
  4 kobolds
  7 rats
68 creatures vanquished.

Notes
Turn   | Place    | Note
-------+----------+-------------------------------------------
     0 | D:1      | Absynth the Demonspawn Gladiator began the quest for the
                  | Orb.
     0 | D:1      | Reached XP level 1. HP: 16/16 MP: 1/1
    97 | D:1      | Found Zavvaokk's Weapon Boutique.
   146 | D:1      | Found Negyth's Jewellery Shoppe.
   149 | D:1      | Gained mutation: Your touch may inflict minor irresistible
                  | damage on your foes. [demonic ancestry]
   149 | D:1      | Reached XP level 2. HP: 22/22 MP: 2/2
   313 | D:1      | Found Lecvimos's Magic Scroll Shop.
   322 | D:1      | Bought a scroll of identify for 20 gold pieces
   384 | D:1      | Found Qakim's Antique Armour Emporium.
   618 | D:1      | Found Zirphivol's Distillery.
   628 | D:1      | Bought a potion of degeneration for 10 gold pieces
   780 | D:2      | Reached skill level 1 in Unarmed Combat
   780 | D:2      | Reached XP level 3. HP: 27/27 MP: 3/3
  1091 | D:2      | Identified the +2 robe of Nelon {Contam rElec rPois}
  1164 | D:2      | Found a faded altar of an unknown god.
  1241 | D:3      | Noticed Robin
  1354 | D:2      | Killed Robin
  1355 | D:2      | Reached XP level 4. HP: 24/33 MP: 4/4
  1444 | D:3      | Found a runed translucent gate.
  1444 | D:3      | Found a runed translucent gate.
  1444 | D:3      | Found a runed translucent gate.
  1445 | D:3      | Noticed Dirtsage's ghost (amateur OpTm)
  1462 | D:3      | Noticed Ijyb
  1475 | D:3      | HP: 1/33 [Ijyb/puff of flame (1)]
  1478 | D:3      | Killed Ijyb
  1706 | D:3      | Found an opulent altar of Gozag.
  1760 | D:3      | Found a sparkling altar of Nemelex Xobeh.
  2302 | D:3      | Gained mutation: Your touch may inflict irresistible damage
                  | on your foes. [demonic ancestry]
  2302 | D:3      | Reached XP level 5. HP: 35/38 MP: 5/5
  2323 | D:4      | Found a shimmering altar of Xom.
  2645 | D:4      | Reached XP level 6. HP: 35/44 MP: 6/6
  2676 | D:4      | Slain by an ogre

Illustrated notes

Levels and vault maps discovered:
D:1:      dpeg_arrival_shelter, layout_basic, serial_shops, shop,
          shop_fountains, nicolae_shop_behind_doors, shop, shop
D:2:      layout_rooms, hellmonk_ecumenical_altar_leap_of_faith
D:3:      minmay_spotlight, layout_basic, mainiacjoe_overflow_cross_hatched,
          nemelex_diamond_rough_becter, gammafunk_ghost_necromancy,
          small_statue_alley_b, corexii_leaking_fountain, nicolae_goblin_pals
D:4:      layout_loops_ring, nicolae_ru_the_path_less_chosen, led_xom_imps,
          serial_shops, shop_fountains

Skill      XL: |  1  2  3  4  5 |
---------------+----------------+-----
Dodging        | 3 |  3.9
Long Blades    | 3 |  3.9
Unarmed Combat | 1 2 3 |  3.4
Fighting       | |  2.0
Throwing       | |  1.7
Stealth        | |  0.5

Action                   |  1- 3 |  4- 6 || total
-------------------------+-------+-------++-------
Melee: Long sword        |   108 |    86 ||   194
       Touch             |    13 |    12 ||    25
       Punch             |       |     1 ||     1
Throw: Throwing net      |     1 |       ||     1
  Use: Potion            |       |     1 ||     1
 Stab: Sleeping          |     4 |     2 ||     6
Armor: Leather armour    |    44 |    19 ||    63
Dodge: Dodged            |    81 |    59 ||   140

Table legend: (Time is in decaauts)
 A = Elapsed time spent in this place.
 B = Non-inter-level travel time spent in this place.
 C = Inter-level travel time spent in this place.
 D = Time resting spent in this place.
 E = Time spent auto-exploring this place.
 F = Levels seen in this place.
 G = Mean time per level.
                   A        B        C        D        E       F      G
               +--------+--------+--------+--------+--------+-----+--------+
         Total |   2711 |   2693 |     18 |    391 |   1458 |   4 |  677.8 |
       Dungeon |   2711 |   2693 |     18 |    391 |   1458 |   4 |  677.8 |
               +--------+--------+--------+--------+--------+-----+--------+

Top non-repeatable levels by time:
     D:3: 806 daAuts
     D:1: 734 daAuts
     D:2: 606 daAuts
     D:4: 564 daAuts
